 Dungeon Crawl Stone Soup version 0.22-a0-362-g535178c (webtiles) character file.

14 zero the Gusty (level 2, -1/15 HPs)
             Began as a Tengu Air Elementalist on Apr 19, 2018.
             Slain by a hobgoblin
             ... wielding a +0 club
              (3 damage)
             ... on level 1 of the Dungeon.
             The game lasted 00:01:38 (650 turns).

zero the Gusty (Tengu Air Elementalist)              Turns: 650, Time: 00:01:39

Health: -1/15      AC:  2    Str:  8    XL:     2   Next: 41%
Magic:  3/6        EV: 12    Int: 15    God:
Gold:   30         SH:  0    Dex: 14    Spells: 2/5 levels left

rFire    . . .     SeeInvis .   i - +0 dagger
rCold    . . .     Gourm    .   (no shield)
rNeg     . . .     Faith    .   a - +0 robe
rPois    .         Spirit   .   (helmet restricted)
rElec    .         Reflect  .   (no cloak)
rCorr    .         Harm     .   (no gloves)
MR       .....                  (boots unavailable)
Stlth    ++........             (no amulet)
HPRegen  0.05/turn              (no ring)
MPRegen  0.10/turn              (no ring)

@: swift, quick
A: beak, talons 3
a: no special abilities


You were on level 1 of the Dungeon.
You were not hungry.

You visited 1 branch of the dungeon, and saw 2 of its levels.

You collected 30 gold pieces.

Inventory:

Hand Weapons
 i - a +0 dagger (weapon)
Missiles
 g - 10 stones (quivered)
Armour
 a - a +0 robe (worn)
Jewellery
 f - an uncursed ring of protection from cold {unknown}
Scrolls
 b - a scroll of magic mapping
Comestibles
 c - a ration
 d - a chunk of flesh


   Skills:
 - Level 2.1 Dodging
 - Level 2.0 Stealth
 - Level 2.0 Spellcasting
 + Level 3.2 Conjurations
 - Level 4.0 Air Magic


You had 2 spell levels left.
You knew the following spells:

 Your Spells              Type           Power        Failure   Level  Hunger
a - Shock                 Conj/Air       ##..         4%          1    #......
b - Swiftness             Chrm/Air       #.......     14%         2    ###....


Dungeon Overview and Level Annotations

Branches:
Dungeon (2/15)

Altars:


Innate Abilities, Weirdness & Mutations

You have a beak for a mouth.
You have claws for feet.


Message History

The hobgoblin hits you but does no damage.
You closely miss the hobgoblin. You claw the hobgoblin.
The hobgoblin is severely wounded.
The hobgoblin hits you with a club.
You closely miss the hobgoblin.
The hobgoblin is severely wounded.
The hobgoblin hits you with a club.
You are too injured to fight recklessly!
Casting: Shock (safe; 4% risk of failure)
Confirm with . or Enter, or press ? or * to list all spells.
You feel quick. The hobgoblin hits you with a club.
* * * LOW HITPOINT WARNING * * *
Unknown command.
Casting: Swiftness (safe; 14% risk of failure)
Confirm with . or Enter, or press ? or * to list all spells.
Aiming: Shock (safe; 4% risk of failure)
Press: ? - help, Shift-Dir - straight line, f - hobgoblin
Aim: a hobgoblin, wielding a club (severely wounded)
The zap misses the hobgoblin.
The hobgoblin hits you with a club.
You die...

###.......#######.########,*
........#.# #............,*
..........# #.##.########**
........#.# #.##.#
###.....#.# #.##.#
........#.# #.##.#
#####.#.#.## #.##.#####
#.....#.#..###........#
#.###.#.#.......@g....#
#.#......#.###........#
..#...#..#..#####+#####
###...#..##.# *,*
####.##..##.# *,*
.........##.## *,*
....รท.#.###..## *,*
......#.......# *,*
......######..###.##*******


You could see a hobgoblin.

Vanquished Creatures
  2 leopard geckos (D:1)
  3 goblins (D:1)
  2 bats (D:1)
  A frilled lizard (D:1)
  3 kobolds (D:1)
  A rat (D:1)
12 creatures vanquished.

Notes
Turn   | Place    | Note
-------+----------+-------------------------------------------
     0 | D:1      | zero the Tengu Air Elementalist began the quest for the Orb.
     0 | D:1      | Reached XP level 1. HP: 10/10 MP: 4/4
   211 | D:1      | Reached XP level 2. HP: 15/15 MP: 4/6
   356 | D:1      | Learned a level 2 spell: Swiftness
   650 | D:1      | Slain by a hobgoblin

Vault maps used:
D:1:      minmay_arrival_plants_in_alcoves
D:2:      nicolae_ru_sacrificial_ziggurat, uniq_jessica

Skill      XL: |  1  2 |
---------------+-------+-----
Conjurations   | 2 3 |  3.2
Dodging        | |  2.1
Stealth        | |  2.0
Spellcasting   | |  2.0
Air Magic      | |  4.0

Action                   || total
-------------------------++-------
Melee: Dagger            ||    13
       Kick              ||     5
       Club              ||     2
       Unarmed           ||     2
 Cast: Shock             ||    20
       Swiftness         ||     2
  Use: Scroll            ||     3
 Stab: Sleeping          ||     1
Armor: Robe              ||     7
Dodge: Dodged            ||    24

Table legend:
 A = Spawn XP
 B = Non-spawn XP
 C = Spawn XP percentage of total XP
 D = Spawn monster count
 E = Non-spawn monster count
 F = Spawn count percentage of total count
 G = Total turns spent on level
                    A         B        C        D         E        F      G
               +---------+---------+-------+---------+---------+-------+---------
         Total |       0 |      20 |   0.0 |       0 |      12 |   0.0 |   650
               +---------+---------+-------+---------+---------+-------+---------
           D:1 |       0 |      20 |   0.0 |       0 |      12 |   0.0 |   648
               +---------+---------+-------+---------+---------+-------+---------
